 Dungeon Crawl Stone Soup version bcrawl-1.21.3 (webtiles) character file.

Game seed: 15182018071039861339

4279 MisterOstroum the Vexing (level 10, -11/74 HPs)
             Began as a Demonspawn Skald on Mar 25, 2020.
             Was an Initiate of Gozag.
             Mangled by an orc knight
             ... wielding a +0 battleaxe
              (20 damage)
             ... on level 8 of the Dungeon.
             The game lasted 00:26:49 (11006 turns).

MisterOstroum the Vexing (Demonspawn Skald)        Turns: 11006, Time: 00:26:49

Health: -11/74     AC:  8    Str: 14    XL:     10   Next: 10%
Magic:  0/18       EV: 17    Int: 20    God:    Gozag
Gold:   201        SH:  0    Dex: 18    Spells: 11/20 levels left

rFire    . . .     SeeInvis +   b - +2 whip (elec)
rCold    + . .     Gourm    .   (no shield)
rNeg     . . .     Faith    .   T - +0 leather armour {rC+}
rPois    +         Spirit   +   E - +0 helmet
rElec    .         Reflect  .   h - +0 cloak {+Inv}
rCorr    .         Harm     .   (no gloves)
MR       +....     Clarity  +   O - +0 pair of boots
Stlth    ++........             H - amulet of guardian spirit
HPRegen  1.22/turn              n - ring of protection from magic
MPRegen  0.16/turn              P - ring of see invisible

@: brilliant, agile, regenerating, hasted, very quick
A: hooves 1, slimy green scales 1, clarity, demonic guardian 1, poison
resistance, wild magic 1
a: Potion Petition, Call Merchant, Bribe Branch, Renounce Religion, Evoke
Invisibility


You were on level 8 of the Dungeon.
You worshipped Gozag.
Gozag was aware of your devotion.
You were full.

You visited 2 branches of the dungeon, and saw 9 of its levels.

You collected 946 gold pieces.
You spent 118 gold pieces at shops.
You paid 627 gold pieces to Gozag.

Inventory:

Hand Weapons
 a - a +4 spear of piercing
 b - a +2 whip of electrocution (weapon)
 l - a +4 blowgun
 s - a +0 shortbow of flaming
Missiles
 c - 309 bolts
 g - 818 arrows
 j - 1602 stones (quivered)
 u - 31 poisoned needles
 A - 769 sling bullets
 Q - 63 tomahawks
Armour
 h - a +0 cloak of invisibility (worn)
 v - a +1 ring mail of poison resistance
 y - a +1 robe of magic resistance
 E - a +0 helmet (worn)
 O - a +0 pair of boots (worn)
 T - a +0 leather armour of cold resistance (worn)
Jewellery
 n - a ring of protection from magic (left hand)
 H - an amulet of guardian spirit (around neck)
 K - the amulet of Mefeab {Spirit rPois rN+}
   (You found it on level 6 of the Dungeon)

   [amulet of guardian spirit]

   It causes incoming damage to be split between your health and magic.
   It protects you from poison.
   It protects you from negative energy.
 L - an uncursed ring of flight
 P - a ring of see invisible (right hand)
Wands
 t - a wand of iceblast (7)
 F - a wand of flame (24)
 I - a wand of random effects (5)
Scrolls
 d - a scroll of fear {!r}
 f - a scroll of magic mapping {unknown}
 k - 3 scrolls of enchant weapon
 m - 2 scrolls of remove curse {unknown}
 o - 3 scrolls of teleportation
 p - a scroll of amnesia
 r - a scroll of noise {unknown}
 B - a scroll of identify {@r1}
 J - a scroll of blinking {@r4}
 M - a scroll of fog {unknown}
 N - a scroll of immolation {unknown}
Potions
 i - a potion of mutation
 q - a potion of magic {unknown}
 w - a potion of brilliance
 z - a potion of cancellation {unknown}
 C - 3 potions of curing {@q1 !q}
 D - a potion of invisibility {unknown}
 G - 2 potions of berserk rage {unknown}
 R - a potion of degeneration {unknown}
 S - a potion of resistance {unknown}
Comestibles
 e - 14 rations {!d}


   Skills:
 - Level 5.0 Fighting
 * Level 4.9 Maces & Flails
 - Level 5.5 Polearms
 - Level 1.6 Armour
 - Level 2.0 Dodging
 + Level 5.5 Spellcasting
 * Level 5.9 Hexes
 + Level 5.4 Charms
 * Level 3.4 Necromancy
 * Level 4.0 Evocations


You had 11 spell levels left.
You knew the following spells:

 Your Spells              Type           Power        Failure   Level  Hunger
a - Infusion              Chrm           ######..     1%          1    None
b - Song of Slaying       Chrm           ######..     1%          2    None
c - Spectral Weapon       Hex/Chrm       ######..     1%          3    ##.....
H - Regeneration          Chrm/Necr      #####.....   1%          3    ##.....

Your spell library contained the following spells:

 Spells                   Type           Power        Failure   Level  Hunger
 Ozocubu's Armour         Chrm/Ice       #####...     2%          3    ##.....


Dungeon Overview and Level Annotations

Branches:
Dungeon (8/12)             Temple (1/1) D:5
   Lair: D:7-9          Orc: D:8-11

Altars:
Ashenzari
Cheibriados
Dithmenos
Elyvilon
Fedhas
Gozag
Hepliaklqana
Kikubaaqudgha
Makhleb
Nemelex Xobeh
Okawaru
Qazlal
Ru
Sif Muna
Trog
Uskayaw
Vehumet
Wu Jian
Xom
Zin
The Shining One

Shops:
D:5 *   D:7 [

Annotations:
D:3 1 runed door, exclusion: door
D:7 exclusion: upstairs


Innate Abilities, Weirdness & Mutations

You have large cloven feet.
You are partially covered in slimy green scales. (AC +2)
A weak demonic guardian rushes to your aid.
You possess an exceptional clarity of mind.
Your system is resistant to poisons. (rPois)
Your spells are a little harder to cast, but a little more powerful.


Message History

b - a +2 whip of electrocution (weapon)
Casting: Spectral Weapon (safe; 9% risk of failure)
Confirm with . or Enter, or press ? or * to list all spells.
You draw out your weapon's spirit!
The orc knight hits you but does no damage.
You hit the orc knight but do no damage.
The orc knight sings a few bars from the Orcish anthem.
The orc knight hits you with a +0 battleaxe!
The orc knight hits your quasit with a +0 battleaxe!
You hit the orc knight but do no damage.
Your spectral weapon barely misses the orc knight.
Your quasit bites the orc knight but does no damage.
Your quasit claws the orc knight but does no damage. x2
You closely miss the orc knight.
Your spectral weapon hits the orc knight but does no damage.
The orc knight hits you with a +0 battleaxe.
The orc knight closely misses your spectral weapon.
The orc knight barely misses your quasit.
Your quasit bites the orc knight but does no damage.
Your quasit closely misses the orc knight.
Your quasit claws the orc knight but does no damage.
You barely miss the orc knight.
Your spectral weapon completely misses the orc knight.
Your quasit bites the orc knight.
Your quasit claws the orc knight but does no damage.
Your quasit barely misses the orc knight.
The orc knight closely misses you.
The orc knight closely misses your spectral weapon.
The orc knight closely misses your quasit.
You closely miss the orc knight.
The orc knight is lightly wounded.
Your spectral weapon misses the orc knight.
Your quasit bites the orc knight but does no damage.
Your quasit barely misses the orc knight.
Your quasit claws the orc knight but does no damage.
You barely miss the orc knight.
The orc knight is lightly wounded.
Your spectral weapon hits the orc knight but does no damage.
Your quasit bites the orc knight but does no damage.
Your quasit claws the orc knight but does no damage. x2
The orc knight hits you but does no damage.
The orc knight hits your spectral weapon with a +0 battleaxe!!
Your spectral weapon shares its damage with you!
Your spectral weapon fades away.
The orc knight hits your quasit with a +0 battleaxe!
Your quasit dies!
Press: ? - help, v - describe, . - travel
Here: an orc knight, wielding a +0 battleaxe and wearing a +0 plate armour (lightly wounded)
The floor.
Unknown command.
You closely miss the orc knight.
The orc knight is lightly wounded.
The orc knight hits you with a +0 battleaxe!
You hit the orc knight.
The orc knight is lightly wounded.
You barely miss the orc knight.
The orc knight is lightly wounded.
The orc knight barely misses you.
You hit the orc knight.
The orc knight is lightly wounded.
The orc knight hits you with a +0 battleaxe!
You hit the orc knight but do no damage.
The orc knight is lightly wounded.
You hit the orc knight but do no damage.
The orc knight is lightly wounded.
The orc knight hits you with a +0 battleaxe!
* * * LOW HITPOINT WARNING * * *
[a] - 460 gold - haste and resistance [b] - 252 gold - haste and agility [c] - 552 gold - curing, magic, invisibility and agility Purchase which effect?
You don't have enough gold for that! [a] - 460 gold - haste and resistance [b] - 252 gold - haste and agility [c] - 552 gold - curing, magic, invisibility and agility Purchase which effect?
You don't have enough gold for that! [a] - 460 gold - haste and resistance [b] - 252 gold - haste and agility [c] - 552 gold - curing, magic, invisibility and agility Purchase which effect? [a] - 460 gold - haste and resistance [b] - 252 gold - haste and agility [c] - 552 gold - curing, magic, invisibility and agility Purchase which effect?
You no longer have enough gold to petition Gozag for potion effects.
You feel yourself speed up.
You feel agile all of a sudden.
The orc knight hits you with a +0 battleaxe!
* * * LOW HITPOINT WARNING * * *
It was a potion of brilliance.
You feel clever all of a sudden.
Okay, then.
Unknown command.
Casting: Spectral Weapon (safe; 1% risk of failure)
Confirm with . or Enter, or press ? or * to list all spells.
Your skin crawls.
The orc knight hits you with a +0 battleaxe!!
You die...
Your body crumbles into a pile of gold.

#.......##'## #.......#..
.########.......#
........#.......#
.......#.......#
#.....#.......#
#.....#.......#
.##.....#.......#
........#@......#
........#o.....## #
........)......# ...
.##+#####[.....#.....
#.......).....'......
#########..))......###'###
#.......##...######....
#.⌠##'##⌠.#...# ...#
##)..##.#...# ...#


You could see an orc knight.

Vanquished Creatures
  Pikel (D:3)
  4 trolls
  A meliai (D:8)
  3 ice beasts
  4 orc warriors
  4 phantoms
  2 sky beasts
  A slave (D:4)
  2 ogres
  A centaur (D:3)
  2 bullfrogs (D:6)
  A gnoll sergeant (D:8)
  A wyvern skeleton (D:7)
  A scorpion (D:5)
  A centaur zombie (D:5)
  3 crimson imps
  A bullfrog zombie (D:7)
  A hound (D:5)
  4 orc priests
  2 jellies
  8 orc wizards
  A centaur skeleton (D:3)
  An iguana (D:8)
  5 worker ants
  A hound skeleton (D:7)
  2 worker ant zombies (D:6)
  A howler monkey zombie (D:6)
  13 gnolls
  10 adders
  A shadow imp (D:6)
  An adder skeleton (D:4)
  3 worms
  4 dart slugs
  2 leopard geckos
  22 orcs
  2 giant cockroaches
  6 hobgoblins
  9 jackals
  11 kobolds
  A quokka (D:4)
  4 bats
  5 frilled lizards
  6 goblins
  A jackal zombie (D:6)
  A leopard gecko skeleton (D:4)
  A quokka zombie (D:5)
  A rat (D:3)
163 creatures vanquished.

Vanquished Creatures (collateral kills)
  A spriggan (D:7)
  A slave (D:4)
  An ogre (D:4)
  A bullfrog (D:6)
  2 orc priests (D:7)
  An orc wizard (D:4)
  A worker ant zombie (D:8)
  An adder (D:4)
  4 orcs
  A quokka (D:4)
  A jackal skeleton (D:4)
15 creatures vanquished.

Vanquished Creatures (others)
  A centaur skeleton (D:4)
  7 spectral weapons
8 creatures vanquished.

Grand Total: 186 creatures vanquished

Notes
Turn   | Place    | Note
-------+----------+-------------------------------------------
     0 | D:1      | MisterOstroum the Demonspawn Skald began the quest for the
                  | Orb.
     0 | D:1      | Reached XP level 1. HP: 16/16 MP: 3/3
   726 | D:1      | Gained mutation: A weak demonic guardian rushes to your
                  | aid. [demonic ancestry]
   726 | D:1      | Reached XP level 2. HP: 23/23 MP: 1/5
   790 | D:1      | Learned a level 2 spell: Song of Slaying
  1892 | D:2      | Found a radiant altar of Vehumet.
  2055 | D:2      | Gained mutation: You have large cloven feet. [demonic
                  | ancestry]
  2055 | D:2      | Reached XP level 3. HP: 28/29 MP: 3/6
  2060 | D:2      | Learned a level 3 spell: Spectral Weapon
  2515 | D:2      | Found a sacrificial altar of Ru.
  2515 | D:2      | Found a hide-covered altar of Uskayaw.
  2573 | D:2      | Found a burning altar of Makhleb.
  2581 | D:2      | Noticed an Executioner
  2585 | D:2      | Noticed a hellwing
  2585 | D:2      | Noticed a ynoxinul
  2703 | D:2      | Found a shimmering blue altar of Sif Muna.
  3012 | D:3      | Found a bloodstained altar of Trog.
  3337 | D:3      | Noticed a centaur
  3348 | D:3      | Gained mutation: Your spells are a little harder to cast,
                  | but a little more powerful. [potion of mutation]
  3348 | D:3      | Gained mutation: Your system is resistant to poisons.
                  | (rPois) [potion of mutation]
  3348 | D:3      | Gained mutation: You possess an exceptional clarity of
                  | mind. [potion of mutation]
  3352 | D:3      | HP: 1/29 [centaur (5)]
  3353 | D:3      | Killed a centaur
  3353 | D:3      | Reached skill level 1 in Hexes
  3353 | D:3      | Reached XP level 4. HP: 1/37 MP: 4/7
  3669 | D:3      | Reached XP level 5. HP: 42/42 MP: 1/8
  3946 | D:3      | Noticed a phantom
  3980 | D:3      | Killed a phantom
  4009 | D:3      | Reached XP level 6. HP: 23/48 MP: 5/9
  4490 | D:3      | Found a runed door.
  5042 | D:4      | Noticed a slave
  5042 | D:4      | Noticed Pikel
  5044 | D:4      | Noticed a slave
  5060 | D:4      | Killed a slave
  5074 | D:4      | Killed a slave
  5261 | D:4      | Noticed a slave
  5262 | D:4      | Noticed a slave
  5328 | D:3      | Killed Pikel
  5328 | D:3      | Reached XP level 7. HP: 40/55 MP: 4/10
  5645 | D:4      | Reached skill level 5 in Fighting
  5684 | D:4      | Found a shadowy altar of Dithmenos.
  5763 | D:4      | Reached skill level 5 in Polearms
  5871 | D:4      | Gained mutation: You are partially covered in slimy green
                  | scales. (AC +2) [demonic ancestry]
  5871 | D:4      | Reached XP level 8. HP: 62/62 MP: 8/12
  6140 | D:5      | Entered Level 5 of the Dungeon
  6152 | D:5      | Reached skill level 1 in Armour
  6203 | D:5      | Learned a level 3 spell: Regeneration
  6639 | D:5      | Found a staircase to the Ecumenical Temple.
  6692 | Temple   | Entered the Ecumenical Temple
  6767 | Temple   | Became a worshipper of Gozag Ym Sagoz the Greedy
  6828 | D:5      | Found Pinetumi's Assorted Antiques.
  6832 | D:5      | Bought a green potion for 18 gold pieces
  6832 | D:5      | Bought a tapered copper wand for 80 gold pieces
  6832 | D:5      | Bought a scroll labeled DAACON SUKHABA for 20 gold pieces
  6956 | D:5      | Found an iron altar of Okawaru.
  7027 | D:5      | Reached skill level 1 in Maces & Flails
  7215 | D:5      | Reached skill level 5 in Charms
  7715 | D:6      | Reached skill level 1 in Evocations
  7961 | D:6      | Reached XP level 9. HP: 53/68 MP: 11/15
  8178 | D:6      | Got a warped bronze amulet
  8328 | D:6      | Found a white marble altar of Elyvilon.
  8380 | D:6      | Identified the amulet of Mefeab {Spirit rPois rN+} (You
                  | found it on level 6 of the Dungeon)
  8560 | D:7      | Noticed a troll
  8576 | D:7      | Killed a troll
  8654 | D:7      | Found Uhoo's Armour Emporium.
  8914 | D:7      | Noticed a troll
  8934 | D:7      | Reached skill level 5 in Hexes
  9689 | D:6      | Reached skill level 5 in Spellcasting
  9843 | D:7      | Reached skill level 1 in Necromancy
 10075 | D:7      | Killed a troll
 10268 | D:7      | Noticed a troll
 10274 | D:7      | Killed a troll
 10721 | D:8      | Noticed a troll
 10729 | D:8      | Noticed an orc knight
 10731 | D:8      | Killed a troll
 10731 | D:8      | Reached XP level 10. HP: 64/74 MP: 14/18
 10817 | D:8      | HP: 1/74 [meliai/divine providence (10)]
 11006 | D:8      | Mangled by an orc knight

Skill      XL: |  1  2  3  4  5  6  7  8  9 10 |
---------------+-------------------------------+-----
Polearms       | 2 3 4 5 |  5.5
Fighting       | 3 4 5 |  5.0
Charms         | 3 4 5 |  5.4
Hexes          | 1 2 3 4 5 |  5.9
Spellcasting   | 3 4 5 |  5.5
Armour         | 1 |  1.6
Dodging        | 2 |  2.0
Maces & Flails | 2 4 |  4.9
Evocations     | 1 3 4 |  4.0
Necromancy     | 3 |  3.4

Action                   |  1- 3 |  4- 6 |  7- 9 | 10-12 || total
-------------------------+-------+-------+-------+-------++-------
Melee: Spear             |   187 |   178 |   235 |    14 ||   614
       Kick              |    11 |    29 |    68 |       ||   108
       Whip              |       |       |   209 |    15 ||   224
 Fire: Blowgun           |       |       |     3 |       ||     3
Throw: Stone             |       |       |    11 |       ||    11
 Cast: Infusion          |    15 |     3 |     2 |       ||    20
       Spectral Weapon   |     1 |    10 |    30 |     3 ||    44
       Song of Slaying   |       |     6 |     3 |       ||     9
       Regeneration      |       |       |     6 |     1 ||     7
Invok: Potion Petition   |       |       |       |     3 ||     3
 Abil: Evoke Invisibilit |       |       |     1 |       ||     1
Evoke: Wand              |       |       |       |     5 ||     5
  Use: Potion            |     2 |       |       |     1 ||     3
       Scroll            |       |       |     5 |       ||     5
 Stab: Sleeping          |     1 |       |       |       ||     1
       Distracted        |       |     2 |     4 |       ||     6
       Invisible         |       |       |       |     2 ||     2
  Eat: Chunk             |     8 |     5 |     7 |       ||    20
       Ration            |       |     1 |     5 |     1 ||     7
Armor: Leather armour    |    39 |    26 |    66 |     7 ||   138
       Robe              |       |       |    28 |       ||    28
Dodge: Dodged            |    74 |    71 |   159 |    20 ||   324
